 Dungeon Crawl Stone Soup version 0.15.2 (webtiles) character file.

97 magipi the Insei (level 4, 0/28 HPs)
             Began as an Octopode Transmuter on Feb 8, 2015.
             Was an Initiate of Okawaru.
             Slain by a gnoll
             ... wielding a +3 spear of piercing
              (1 damage)
             ... on Level 3 of the Dungeon.
             The game lasted 00:13:38 (3637 turns).

magipi the Insei (Octopode Transmuter)              Turns: 3637, Time: 00:13:38

HP   0/28        AC  2     Str  9      XL: 4   Next: 68%
MP   4/7         EV 19     Int 16      God: Okawaru [......]
Gold 80          SH  0     Dex 17      Spells:  3 memorised,  1 level left

rFire  . . .     SeeInvis .       - Unarmed
rCold  . . .     Clarity  .     (shield currently unavailable)
rNeg   . . .     rCorr    .     (helmet currently unavailable)
rPois  x         rRot     .     (no amulet)
rElec  .         Spirit   .     (no ring)
SustAb .         Warding  .     (no ring)
rMut   .         Stasis   .     (no ring)
Gourm  .                        (no ring)
MR     .....                    (no ring)
                                (no ring)
                                (no ring)
                                (no ring)

@: spider-form, not resistant to hostile enchantments, unstealthy
A: almost no armour, amphibious, 8 rings, (constrict 8), (camouflage 0),
(gelatinous body 0)
a: End Transformation, Renounce Religion


You were on level 3 of the Dungeon.
You worshipped Okawaru.
Okawaru was noncommittal.
You were not hungry.
You were in spider-form.
You visited 1 branch of the dungeon, and saw 3 of its levels.

You collected 80 gold pieces.

Inventory:

Missiles
 b - 19 arrows
 q - 14 poisoned needles
Comestibles
 j - 2 meat rations
 l - a bread ration
 r - a royal jelly
Scrolls
 e - 3 scrolls of identify {unknown}
 f - a scroll of amnesia {unknown}
 h - 2 scrolls of fear {unknown}
 m - a scroll of immolation {unknown}
 n - a scroll of magic mapping {unknown}
 s - a scroll of remove curse {unknown}
Potions
 a - a potion of agility {unknown}
 c - a potion of confusion {unknown}
 g - a potion of cure mutation {unknown}
 i - a potion of heal wounds {unknown}
 k - a potion of mutation {unknown}
 o - a potion of restore abilities {unknown}
 p - 2 potions of haste {unknown}
Books
 d - a book of Changes

   Spells                             Type                      Level
   *Beastly Appendage                 Transmutation                1
   *Sticks to Snakes                  Transmutation                2
   *Spider Form                       Transmutation/Poison         3
   Ice Form                           Ice/Transmutation            4
   Blade Hands                        Transmutation                5


   Skills:
 - Level 1.0 Fighting
 - Level 2.0 Dodging
 + Level 4.0 Unarmed Combat
 - Level 2.0 Spellcasting
 + Level 3.3 Transmutations
 + Level 1.9 Poison Magic


You had one spell level left.
You knew the following spells:

 Your Spells              Type           Power        Failure   Level  Hunger
a - Beastly Appendage     Trmt           ##....       21%         1    #......
b - Sticks to Snakes      Trmt           ##........   24%         2    ###....
c - Spider Form           Trmt/Pois      ##........   41%         3    ####...


Dungeon Overview and Level Annotations

Branches:
Dungeon (3/15)

Altars:
Elyvilon
Okawaru
Xom
Yredelemnul

Annotations:
D:3 Natasha


Innate Abilities, Weirdness & Mutations

You cannot wear most types of armour.
You are amphibious.
You can wear up to eight rings at the same time.
((You can use your tentacles to constrict many enemies at once.))
((Your skin changes colour to match your surroundings (Stealth).))
((Your rubbery body absorbs attacks (AC +1).))

Vault maps used:
D:1:      eino_arrival_cavern_b, xom_redecorated
D:2:      lemuel_crystal_altar, gammafunk_temple_overflow_pools, first_bread
D:3:      uniq_natasha


Message History

You tentacle-slap the giant cockroach but do no damage.
The giant cockroach is severely wounded.
You constrict the giant cockroach, but do no damage.
The giant cockroach closely misses you.
You tentacle-slap the giant cockroach.
You kill the giant cockroach!
Okawaru accepts your kill.
Found 10 stones.
Natasha, Servant of Life and Death comes into view.
Found a stone staircase leading up.
An adder comes into view.
A kobold comes into view. It is wielding a dagger.
Casting: Beastly Appendage
Confirm with . or Enter, or press ? or * to list all spells.
One of your tentacles grows a vicious spike.
The kobold hits you but does no damage.
You closely miss the kobold. Your grab misses the kobold.
You squeeze the kobold.
The kobold is severely wounded.
The kobold barely misses you.
You tentacle-slap the kobold.
You kill the kobold!
Okawaru accepts your kill.
You see here a dagger.
Your tentacle spike disappears.
Found a scroll labeled TWOLEGRIROE.
s - a scroll labeled TWOLEGRIROE
Found an escape hatch in the floor.
A kobold comes into view. It is wielding a dagger.
The kobold throws a stone.
The stone barely misses you.
Found a stone staircase leading down.
Casting: Beastly Appendage
Confirm with . or Enter, or press ? or * to list all spells.
One of your tentacles grows a vicious spike.
The kobold throws a stone.
The stone hits you but does no damage.
The kobold throws a stone.
The stone hits you but does no damage.
You see here a stone.
The kobold throws a stone.
The stone barely misses you.
Found a stone staircase leading down.
You tentacle-slap the kobold.
You kill the kobold!
Okawaru accepts your kill.
Things that are here:
a dagger; a kobold corpse You offer a prayer to Okawaru.
The kobold corpse slowly burns to ash.
Okawaru is noncommittal.
Your transformation is almost over.
Found 17 arrows of frost.
A kobold comes into view. It is wielding a dagger.
Casting: Beastly Appendage
Confirm with . or Enter, or press ? or * to list all spells.
You extend your transformation's duration.
A bat comes into view.
A gnoll comes into view. It is wielding a spear.
The kobold shouts!
The gnoll shouts!
The bat closely misses you.
A gnoll comes into view. It is wielding a runed spear.
The bat closely misses you. The bat closely misses you.
You closely miss the bat. You grab the bat.
Your tentacle spike misses the bat.
You squeeze the bat, but do no damage. You constrict the bat.
The bat hits you but does no damage.
The bat struggles to escape constriction. x2
You tentacle-slap the bat.
You kill the bat!
Okawaru accepts your kill.
You barely miss the kobold. You grab the kobold.
You pierce the kobold.
The kobold is heavily wounded.
You constrict the kobold.
You kill the kobold!
Okawaru accepts your kill.
Things that are here:
a dagger; a bat corpse Unknown command.
A rat comes into view.
The rat moves out of view.
Your transformation is almost over.
Casting: Beastly Appendage
Confirm with . or Enter, or press ? or * to list all spells.
Your tentacle spike disappears.
You turn into a venomous arachnid creature.
The gnoll closely misses you. x2
Unknown command.
The gnoll hits you from afar with a runed spear!
The gnoll barely misses you.
You hit the gnoll but do no damage.
The gnoll is poisoned.
The gnoll misses you.
The gnoll hits you but does no damage. 2 gnolls come into view.
You hit the gnoll.
The gnoll is moderately wounded.
The gnoll hits you from afar with a runed spear.
* * * LOW HITPOINT WARNING * * *
The gnoll hits you with a spear.
* * * LOW HITPOINT WARNING * * *
You hit the gnoll but do no damage.
The gnoll looks even sicker.
The gnoll is moderately wounded.
The gnoll hits you from afar with a runed spear.
* * * LOW HITPOINT WARNING * * *
You die...

##.
#.#........#
#..
#.....####...#
#.# #..#.##
#.. #.# #.##.#
#.# #.##.# #.#
#.##.# #.#
#.##.# #.#
#.##.# #s#
#.##.# #g#
#.(#.# #g#
#(r#.###
##r###(.....#
##......#.>..#
#......##....#
#...)..##....#
#.gg.........#
#......#####..


You could see 4 gnolls and a rat.

Table legend:
 A = Kills in this place as a percentage of kills in entire the game.
 B = Kills by you in this place as a percentage of kills by you in the entire game.
 C = Kills by friends in this place as a percentage of kills by friends in the entire game.
 D = Other kills in this place as a percentage of other kills in the entire game.
 E = Experience gained in this place as a percentage of experience gained in the entire game.
 F = Experience gained in this place divided by the number of levels of this place that you have seen.
                   A       B       C       D       E      F
               +-------+-------+-------+-------+-------+----------------------
         Total | 100.0 | 100.0 | 100.0 |  -nan | 100.0 |  46.3
       Dungeon | 100.0 | 100.0 | 100.0 |  -nan | 100.0 |  46.3
               +-------+-------+-------+-------+-------+----------------------

Vanquished Creatures
  3 gnolls (D:2)
  A giant mite (D:1)
  3 giant geckos (D:1)
  3 giant cockroaches
  3 hobgoblins
  8 jackals
  A ball python (D:2)
  8 bats
  6 giant newts
  6 goblins
  7 kobolds
  9 rats
58 creatures vanquished.

Vanquished Creatures (collateral kills)
  A worm (D:1)
1 creature vanquished.

Grand Total: 59 creatures vanquished

Notes
Turn   | Place    | Note
--------------------------------------------------------------
     0 | D:1      | magipi, the Octopode Transmuter, began the quest for the Orb.
     0 | D:1      | Reached XP level 1. HP: 13/13 MP: 3/3
   171 | D:1      | Found a shimmering altar of Xom.
   174 | D:1      | Found a shimmering altar of Xom.
   174 | D:1      | Found a shimmering altar of Xom.
   174 | D:1      | Found a shimmering altar of Xom.
   174 | D:1      | Found a shimmering altar of Xom.
   329 | D:1      | Reached XP level 2. HP: 8/18 MP: 2/4
   623 | D:1      | Learned a level 2 spell: Sticks to Snakes
  1081 | D:1      | Reached XP level 3. HP: 23/23 MP: 1/6
  1086 | D:1      | Learned a level 3 spell: Spider Form
  1858 | D:2      | Found a white marble altar of Elyvilon.
  1860 | D:2      | Found an iron altar of Okawaru.
  1870 | D:2      | Became a worshipper of Warmaster Okawaru
  2181 | D:2      | Reached skill level 1 in Poison Magic
  2191 | D:2      | Found a basalt altar of Yredelemnul.
  2745 | D:2      | Reached XP level 4. HP: 8/28 MP: 0/7
  3439 | D:3      | Reached skill level 4 in Unarmed Combat
  3521 | D:3      | Noticed Natasha
  3637 | D:3      | HP: 1/28 [gnoll/runed spear (5)]
  3637 | D:3      | Slain by a gnoll

Action                   |  1- 3 |  4- 6 || total
-------------------------+-------+-------++-------
Melee: Unarmed           |   104 |    36 ||   140
 Cast: Beastly Appendage |    24 |     4 ||    28
       Sticks to Snakes  |     4 |       ||     4
       Spider Form       |     1 |     2 ||     3
 Stab: Sleeping          |     4 |     3 ||     7
  Eat: Chunk             |     5 |       ||     5
       Bread ration      |       |     1 ||     1

Action                   |  1- 3 |  4- 6 || total
-------------------------+-------+-------++-------
Melee: Unarmed           |   104 |    36 ||   140
 Cast: Beastly Appendage |    24 |     4 ||    28
       Sticks to Snakes  |     4 |       ||     4
       Spider Form       |     1 |     2 ||     3
 Stab: Sleeping          |     4 |     3 ||     7
  Eat: Chunk             |     5 |       ||     5
       Bread ration      |       |     1 ||     1

Action                   |  1- 3 |  4- 6 || total
-------------------------+-------+-------++-------
Melee: Unarmed           |   104 |    36 ||   140
 Cast: Beastly Appendage |    24 |     4 ||    28
       Sticks to Snakes  |     4 |       ||     4
       Spider Form       |     1 |     2 ||     3
 Stab: Sleeping          |     4 |     3 ||     7
  Eat: Chunk             |     5 |       ||     5
       Bread ration      |       |     1 ||     1
